 Dungeon Crawl Stone Soup version 0.25-a0-513-ge77a69270c (webtiles) character file.

Game seed: 17122027586316616194, levelgen mode: deterministic

87 Emblim88 the Ducker (level 4, -5/23 HPs)
             Began as a Spriggan Berserker on Feb 16, 2020.
             Was a Believer of Trog.
             Killed from afar by an orc wizard (10 damage)
             ... with a magic dart
             ... on level 3 of the Dungeon.
             The game lasted 00:03:26 (2354 turns).

Emblim88 the Ducker (Spriggan Berserker)            Turns: 2354, Time: 00:03:26

Health: -5/23      AC:  2    Str: 13    XL:     4   Next: 28%
Magic:  5/5        EV: 22    Int:  8    God:    Trog [**....]
Gold:   89         SH:  0    Dex: 16    Spells: 3/3 levels left

rFire    . . .     SeeInvis +   a - +0 falchion
rCold    . . .     Gourm    .   (shield restricted)
rNeg     . . .     Faith    .   b - +0 animal skin
rPois    .         Spirit   .   (helmet restricted)
rElec    .         Reflect  .   (no cloak)
rCorr    .         Harm     .   (gloves unavailable)
MR       .....                  (boots unavailable)
Stlth    +.........             (no amulet)
HPRegen  0.07/turn              (no ring)
MPRegen  0.09/turn              (no ring)

@: very quick
A: very small, unfitting armour, see invisible, herbivore, speed 3, slow
metabolism 2
a: Berserk, Trog's Hand, Renounce Religion


You were on level 3 of the Dungeon.
You worshipped Trog.
Trog was pleased with you.
You were not hungry.

You visited 1 branch of the dungeon, and saw 3 of its levels.

You collected 89 gold pieces.

Inventory:

Hand Weapons
 a - a +0 falchion (weapon)
 i - a +0 hunting sling
Missiles
 f - 11 poisoned darts (quivered)
 k - 12 boomerangs
Armour
 b - a +0 animal skin (worn)
Scrolls
 e - 3 scrolls of amnesia {unknown}
 g - a scroll of noise {unknown}
 h - a scroll of blinking {unknown}
 j - 7 scrolls of teleportation {unknown}
 l - 2 scrolls of identify {unknown}
 n - a scroll of remove curse {unknown}
 o - a scroll of enchant armour {unknown}
 q - a scroll of enchant weapon {unknown}
Potions
 d - a potion of haste {unknown}
 m - 2 potions of berserk rage {unknown}
 p - a potion of heal wounds {unknown}
Comestibles
 c - 5 rations


   Skills:
 - Level 2.7 Fighting
 - Level 2.7 Long Blades
 * Level 6.8 Dodging


You had 3 spell levels left.
You didn't know any spells.
Your spell library was empty.

Dungeon Overview and Level Annotations

Branches:
Dungeon (3/15)

Altars:
Zin


Innate Abilities, Weirdness & Mutations

You are very small and have problems with some larger weapons.
You are too small for most types of armour.
You have supernaturally acute eyesight. (SInv)
You are a herbivore.
You cover ground extremely quickly.
You need to consume almost no food.


Message History

You are too injured to fight recklessly!
You are too injured to fight recklessly!
You are too injured to fight recklessly!
You are too injured to fight recklessly!
You are too injured to fight recklessly!
You are too injured to fight recklessly!
You are too injured to fight recklessly!
You are too injured to fight recklessly!
The orc wizard misses you.
You closely miss the orc wizard. The orc wizard closely misses you.
You riposte.
You hit the orc wizard.
The orc wizard is heavily wounded.
You hit the orc wizard.
The orc wizard is heavily wounded.
The orc wizard closely misses you.
You hit the orc wizard.
The orc wizard is severely wounded.
The orc wizard casts a spell at you. The magic dart hits you!
You die...

### ..# # #.# # #.# # #.# #
# #.# ####.#### #
#######.###########.)......
# #............o@..).>#
###.#####.#.###########
##...####..#.###...#
..........###......#
##...#.###.#.###...#
##.##.####.## ##.##
#..........# #>#
#..##.##########)#
##..#...#.........##


You could see an orc wizard.

Vanquished Creatures
  An orc wizard (D:3)
  An ooze (D:1)
  A worm (D:2)
  2 dart slugs
  An orc (D:3)
  8 bats
  2 giant cockroaches
  9 hobgoblins
  A jackal (D:2)
  3 frilled lizards (D:1)
  6 goblins
  9 kobolds
  4 rats
48 creatures vanquished.

Notes
Turn   | Place    | Note
-------+----------+-------------------------------------------
     0 | D:1      | Emblim88 the Spriggan Berserker began the quest for the
                  | Orb.
     0 | D:1      | Reached XP level 1. HP: 11/11 MP: 2/2
    81 | D:1      | Reached skill level 5 in Dodging
    81 | D:1      | Reached XP level 2. HP: 8/16 MP: 3/3
   636 | D:1      | Reached ** piety under Trog
  1261 | D:2      | Reached XP level 3. HP: 17/19 MP: 4/4
  1598 | D:2      | Found a glowing silver altar of Zin.
  1598 | D:2      | Noticed an angel
  1750 | D:2      | Reached skill level 6 in Dodging
  2345 | D:3      | Reached XP level 4. HP: 13/23 MP: 5/5
  2354 | D:3      | Killed from afar by an orc wizard

Levels and vault maps discovered:
D:1:      dpeg_arrival_round_c, layout_basic, serial_glass, glass_columns_b,
          glass_columns_a
D:2:      layout_basic, zin_angel, minmay_puff
D:3:      layout_loops_ring, gup_sewer_entry_spiral,
          chequers_ecumenical_altar_simple, minmay_fountain_box

Skill      XL: |  1  2  3 |
---------------+----------+-----
Dodging        | 5 6 |  6.8
Fighting       | |  2.7
Long Blades    | |  2.7

Action                   |  1- 3 |  4- 6 || total
-------------------------+-------+-------++-------
Melee: Falchion          |   124 |     3 ||   127
Invok: Berserk           |     1 |       ||     1
       Trog's Hand       |     1 |       ||     1
 Stab: Sleeping          |     1 |       ||     1
Armor: Animal skin       |    12 |       ||    12
Dodge: Dodged            |   135 |     3 ||   138
       Rpst.: Falchion   |    40 |     1 ||    41

Table legend:
 A = Non-vault XP
 B = Vault XP
 C = Vault XP percentage of total XP
 D = Non-vault monster count
 E = Vault monster count
 F = Vault count percentage of total count
                 A         B        C        D         E       F
            +---------+---------+-------+---------+---------+-------
      Total |     118 |       7 |   5.6 |      44 |       4 |   8.3
            +---------+---------+-------+---------+---------+-------
        D:1 |      40 |       0 |   0.0 |      22 |       0 |   0.0
        D:2 |      36 |       7 |  16.3 |      19 |       4 |  17.4
        D:3 |      42 |       0 |   0.0 |       3 |       0 |   0.0
            +---------+---------+-------+---------+---------+-------
